 Dungeon Crawl Stone Soup version 0.31-a0-851-g7ff8af7976 (webtiles) character file.

Game seed: 16814476290448699748

1148 Dirtsage the Insei (level 8, -8/54 HPs)
             Began as an Octopode Shapeshifter on Oct 7, 2023.
             Mangled by an ice beast (10 damage)
             ... on level 5 of the Dungeon.
             The game lasted 00:09:53 (4349 turns).

Dirtsage the Insei (Octopode Shapeshifter)          Turns: 4349, Time: 00:09:53

Health: -8/54      AC:  1    Str: 13    XL:     8   Next: 38%
Magic:  8/8        EV: 13    Int: 18    God:
Gold:   128        SH:  0    Dex: 14    Spells: 7/7 levels left

rFire   . .          .
                       - Unarmed
rCold   . . .        (no shield)
rNeg    . . .        (helmet currently unavailable)
rPois   .            (no amulet)
rElec   .            o - +6 ring of intelligence
rCorr   .            v - ring of fire
SInv    .            p - ring of ice
Will    .....        (no ring)
Stlth   ++           (no ring)
HPRegen 0.29/turn    (no ring)
MPRegen 0.11/turn    (no ring)
                     (no ring)

%: no passive effects
@: beast-form
A: beast (slay +3), almost no armour, amphibious, 8 rings, camouflage 1,
gelatinous body 1, (nimble swimmer 1), tentacles
a: Begin Untransformation


You were on level 5 of the Dungeon.
You were a hulking beast.
You visited 1 branch of the dungeon, and saw 5 of its levels.
You also visited: Sewer.

You collected 128 gold pieces.

Inventory:

Missiles
 t - 2 curare-tipped darts
Jewellery
 o - a +6 ring of intelligence (left tentacle)
 p - a ring of ice (on tentacle)
 v - a ring of fire (right tentacle)
Talismans
 b - a beast talisman (active)
 c - a flux talisman
Scrolls
 f - 2 scrolls of amnesia {unknown}
 g - 2 scrolls of enchant weapon {unknown}
 h - 5 scrolls of identify {unknown}
 n - a scroll of fog {unknown}
 r - 6 scrolls of fear {unknown}
 u - 4 scrolls of vulnerability {unknown}
 w - a scroll of enchant armour {unknown}
 x - a scroll of teleportation {unknown}
Potions
 a - a potion of lignification
 d - 4 potions of curing {unknown}
 e - 4 potions of brilliance {unknown}
 i - 2 potions of berserk rage {unknown}
 j - a potion of degeneration {unknown}
 k - 3 potions of ambrosia {unknown}
 l - 4 potions of heal wounds
 m - 3 potions of magic {unknown}
 q - a potion of resistance {unknown}
 s - 2 potions of haste {unknown}


   Skills:
 + Level 4.8 Fighting
 - Level 2.0 Dodging
 * Level 7.5 Unarmed Combat
 + Level 5.3 Shapeshifting


You had 7 spell levels left.
You didn't know any spells.
Your spell library contained the following spells:

 Spells                   Type           Power      Damage    Failure   Level
 Magic Dart               Conj           0%         1d3       22%         1
 Call Imp                 Summ           0%         N/A       32%         2
 Hailstorm                Conj/Ice       0%         3d3       54%         3
 Mephitic Cloud           Conj/Pois/Air  0%         N/A       54%         3
 Summon Ice Beast         Ice/Summ       0%         N/A       91%         4
 Simulacrum               Ice/Necr       0%         N/A       100%        6


Dungeon Overview and Level Annotations

Branches:
Dungeon (5/15)              Sewer (visited)
 Temple: D:4-7

Altars:
Zin


Innate Abilities, Weirdness & Mutations

You are a hulking beast.
Your limbs bulge with bestial killing power. (Slay +3)
You cannot wear most types of armour.
You are amphibious.
You can wear up to eight rings at the same time.
Your skin changes colour to match your surroundings (Stealth+).
Your rubbery body absorbs attacks. (AC +1, EV +1)
((You are camouflaged when in or above water. (Stealth+)))
You have tentacles for arms and can constrict up to eight enemies at once.


Message History

r - 6 scrolls labelled PADAEM OZUALEH (gained 1)
An ice beast comes into view.
An ice beast is nearby!
The ice beast hits you. The ice beast freezes you!
You take 17 damage, and have 37/54 hp.
MASSIVE DAMAGE!!
You are too injured to fight recklessly!
You are too injured to fight recklessly!
You barely miss the ice beast. You squeeze the ice beast!
The ice beast is moderately wounded.
The ice beast hits you but does no damage.
You closely miss the ice beast. You squeeze the ice beast.
The ice beast is heavily wounded.
You closely miss the ice beast.
The ice beast is heavily wounded.
The ice beast hits you. The ice beast freezes you!
You take 12 damage, and have 25/54 hp.
MASSIVE DAMAGE!!
You barely miss the ice beast.
The ice beast is heavily wounded.
The ice beast hits you. The ice beast freezes you.
You take 8 damage, and have 17/54 hp.
You tentacle-slap the ice beast. You squeeze the ice beast.
The ice beast is severely wounded.
The ice beast hits you.
* * * LOW HITPOINT WARNING * * *
The ice beast freezes you.
* * * LOW HITPOINT WARNING * * *
You take 6 damage, and have 11/54 hp.
You tentacle-slap the ice beast.
The ice beast is almost dead.
The ice beast hits you.
* * * LOW HITPOINT WARNING * * *
The ice beast freezes you.
* * * LOW HITPOINT WARNING * * *
You take 7 damage, and have 4/54 hp.
You closely miss the ice beast. Your squeeze misses the ice beast.
The ice beast is almost dead.
The ice beast hits you.
* * * LOW HITPOINT WARNING * * *
The ice beast freezes you!
You die...

### ##.## .# ###...##
...### ##.#....##
......### #........##
........###.........#
#Yh.#.........†#
#..............####
###>..........###..
...............##..
.....##...##.........
...##.........####.<..
.. ##........# #.... #
#......... #.<#.
.#....... #....


You could see an ice beast.

Vanquished Creatures
  Eustachio (D:4)
  Duvessa (D:4)
  A black bear (D:4)
  An ogre (D:4)
  2 kobold brigands (Sewer)
  A scorpion (D:5)
  Dowan (D:4)
  A jelly (D:4)
  A gnoll bouda (D:4)
  An orc priest (D:3)
  2 hounds
  2 sleepcaps
  An iguana (D:4)
  9 adders
  3 gnolls (D:4)
  3 river rats (Sewer)
  5 worms
  4 dart slugs
  5 orcs (D:3)
  7 bats
  14 endoplasms
  2 giant cockroaches
  5 hobgoblins
  5 jackals
  13 kobolds
  4 quokkas
  14 ball pythons
  6 frilled lizards
  4 goblins
  10 rats
129 creatures vanquished.

Notes
Turn   | Place    | Note
-------+----------+-------------------------------------------
     0 | D:1      | Dirtsage the Octopode Shapeshifter began the quest for the
                  | Orb.
     0 | D:1      | Reached XP level 1. HP: 13/13 MP: 1/1
   121 | D:1      | Reached XP level 2. HP: 18/18 MP: 2/2
   264 | D:1      | Reached XP level 3. HP: 23/23 MP: 3/3
  1149 | D:2      | Found a faded altar of an unknown god.
  1358 | D:2      | Reached skill level 4 in Unarmed Combat
  1358 | D:2      | Reached XP level 4. HP: 23/29 MP: 4/4
  2183 | D:3      | Reached XP level 5. HP: 13/35 MP: 5/5
  2232 | D:3      | Found a glowing drain.
  2248 | Sewer    | Entered a sewer
  2719 | Sewer    | Noticed a kobold brigand
  2732 | Sewer    | Killed a kobold brigand
  2733 | Sewer    | Reached skill level 5 in Unarmed Combat
  2733 | Sewer    | Reached XP level 6. HP: 32/41 MP: 6/6
  3396 | D:4      | Reached XP level 7. HP: 46/46 MP: 7/7
  3426 | D:4      | Noticed Duvessa
  3427 | D:4      | Noticed Dowan
  3440 | D:4      | Killed Duvessa
  3441 | D:4      | Reached skill level 6 in Unarmed Combat
  3450 | D:4      | Killed Dowan
  3540 | D:4      | Found a glowing silver altar of Zin.
  3544 | D:4      | Noticed Eustachio
  3562 | D:4      | Killed Eustachio
  3593 | D:4      | Reached skill level 5 in Shapeshifting
  3593 | D:4      | Reached XP level 8. HP: 38/54 MP: 8/8
  3686 | D:4      | Reached skill level 7 in Unarmed Combat
  4261 | D:5      | Entered Level 5 of the Dungeon
  4349 | D:5      | HP: 2/54 [ice beast (2)]
  4349 | D:5      | Mangled by an ice beast

Illustrated notes

Levels and vault maps discovered:
D:1:      minmay_arrival_split_and_join, layout_basic
D:2:      layout_loops_ring, shapermc_ecumenical_altar_mp_ritualfount
D:3:      layout_loops_corners, cheibrodos_sewer_entry_drain,
          minmay_three_crescents
D:4:      layout_rooms, general_overflow_altar, uniq_eustachio, uniq_duvessa
D:5:      layout_cave_pools, nemelex_xobeh_ov_fountains_minmay,
          ebering_ghost_sewer_d

Skill      XL: |  1  2  3  4  5  6  7  8 |
---------------+-------------------------+-----
Fighting       | 2 3 4 |  4.8
Unarmed Combat | 4 5 6 7 |  7.5
Shapeshifting  | 4 5 |  5.3
Dodging        | |  2.0

Action                     |  1- 3 |  4- 6 |  7- 9 || total
---------------------------+-------+-------+-------++-------
  Melee: Unarmed           |    84 |   108 |    79 ||   271
         Tentacles         |    12 |    29 |    23 ||    64
         Constrict         |    14 |    30 |    22 ||    66
         Punch             |     4 |     1 |     2 ||     7
  Throw: Dart              |       |     1 |     1 ||     2
    Use: Potion            |       |       |     2 ||     2
   Stab: Sleeping          |    13 |    11 |     3 ||    27
 Armour: Skin              |    29 |    41 |    43 ||   113
  Dodge: Dodged            |    45 |    57 |    30 ||   132

Table legend: (Time is in decaauts)
 A = Elapsed time spent in this place.
 B = Non-inter-level travel time spent in this place.
 C = Inter-level travel time spent in this place.
 D = Time resting spent in this place.
 E = Time spent auto-exploring this place.
 F = Levels seen in this place.
 G = Mean time per level.
                   A        B        C        D        E       F      G
               +--------+--------+--------+--------+--------+-----+--------+
         Total |   4318 |   4224 |     94 |      0 |   3173 |   6 |  719.7 |
       Dungeon |   3597 |   3503 |     94 |      0 |   2630 |   5 |  719.4 |
         Sewer |    720 |    720 |      0 |      0 |    543 |   1 |  720.0 |
               +--------+--------+--------+--------+--------+-----+--------+

Top non-repeatable levels by time:
     D:1: 1078 daAuts
     D:3: 866 daAuts
     D:4: 859 daAuts
   Sewer: 720 daAuts
     D:2: 707 daAuts
     D:5: 86 daAuts
